 Dungeon Crawl Stone Soup version 0.29-a0-813-g4a14ea37d6 (webtiles) character file.

Game seed: 10900951949891583160

1573 pokeman the Thaumaturge (level 8, -2/46 HPs)
             Began as a Deep Elf Hedge Wizard on July 4, 2022.
             Was an Initiate of Vehumet.
             Slain by a boulder beetle (21 damage)
             ... on level 6 of the Dungeon.
             The game lasted 00:21:45 (7967 turns).

pokeman the Thaumaturge (Deep Elf Hedge Wizard)     Turns: 7967, Time: 00:21:46

Health: -2/46      AC:  6    Str:  7    XL:     8   Next: 59%
Magic:  4/24       EV: 12    Int: 28    God:    Vehumet [......]
Gold:   261        SH:  0    Dex: 14    Spells: 16/27 levels left

rFire   . . .      SeeInvis .   E - +2 hand axe (venom)
rCold   . . .      Faith    .   (no shield)
rNeg    . . .      Spirit   .   t - +0 leather armour
rPois   .          Reflect  .   c - +0 hat
rElec   .          Harm     .   n - +0 cloak
rCorr   .          Rampage  .   y - +0 pair of gloves
Will    .....                   l - +0 pair of boots
Stlth   ++........              (no amulet)
HPRegen 0.15/turn               j - +6 ring of intelligence
MPRegen 0.19/turn               u - ring of flight

@: flying
A: no striking features
a: Renounce Religion


You were on level 6 of the Dungeon.
You worshipped Vehumet.
Vehumet was noncommittal.
You visited 2 branches of the dungeon, and saw 7 of its levels.
You also visited: Sewer.

You collected 261 gold pieces.

Inventory:

Hand Weapons
 E - a +2 hand axe of venom (weapon)
Missiles
 v - a throwing net
Armour
 c - a +0 hat (worn)
 l - a +0 pair of boots (worn)
 n - a +0 cloak (worn)
 t - a +0 leather armour (worn)
 y - a +0 pair of gloves (worn)
Jewellery
 j - a +6 ring of intelligence (left hand)
 u - a ring of flight (right hand)
 w - a +6 ring of dexterity
 F - a ring of resist corrosion
 H - the ring of the Evening {AC+4 Slay+2}
   (You found it on level 5 of the Dungeon)

   [ring of protection]

   AC:        It affects your AC (+4).
   Slay:      It affects your accuracy & damage with ranged weapons and melee
   (+2).
Wands
 C - a wand of digging (4)
 K - a wand of paralysis (10)
Scrolls
 b - a scroll of poison {unknown}
 e - 6 scrolls of identify {unknown}
 h - a scroll of blinking {unknown}
 i - a scroll of amnesia {unknown}
 k - a scroll of enchant weapon {unknown}
 m - 2 scrolls of enchant armour {unknown}
 o - a scroll of torment {unknown}
 r - 4 scrolls of noise {unknown}
 G - a scroll of immolation {unknown}
 J - a scroll of teleportation {unknown}
Potions
 a - a potion of lignification {unknown}
 d - 6 potions of magic
 f - a potion of berserk rage {unknown}
 g - a potion of mutation {unknown}
 p - a potion of attraction {unknown}
 q - 2 potions of flight {unknown}
 s - 2 potions of ambrosia {unknown}
 x - a potion of might {unknown}
 z - 3 potions of heal wounds {unknown}
 A - a potion of resistance
 B - 2 potions of haste {unknown}
 D - a potion of degeneration {unknown}
 I - a potion of curing {unknown}


   Skills:
 - Level 3.0 Fighting
 + Level 1.5 Armour
 - Level 3.0 Dodging
 - Level 3.0 Stealth
 * Level 10.0 Spellcasting
 + Level 5.3 Conjurations
 - Level 1.1 Summonings
 - Level 1.1 Translocations
 + Level 4.2 Fire Magic
 - Level 1.1 Air Magic
 - Level 1.1 Poison Magic


You had 16 spell levels left.
You knew the following spells:

 Your Spells              Type           Power      Damage    Failure   Level
a - Magic Dart            Conj           100%       1d8       1%          1
b - Mephitic Cloud        Conj/Pois/Air  28%        N/A       6%          3
c - Call Imp              Summ           20%        N/A       5%          2
d - Blink                 Tloc           40%        N/A       5%          2
e - Conjure Flame         Conj/Fire      40%        6-21      2%          3

Your spell library contained the following spells:

 Spells                   Type           Power      Damage    Failure   Level
 Shock                    Conj/Air       100%       1d9       1%          1
 Beastly Appendage        Tmut           28%        N/A       6%          1
 Slow                     Hex            56%        N/A       6%          1
 Wereblood                Tmut           14%        N/A       9%          2
 Spider Form              Tmut/Pois      17%        N/A       14%         3
 Summon Lightning Spire   Summ/Air       20%        N/A       36%         4
 Corpse Rot               Necr/Pois/Air  18%        N/A       38%         4
 Manifold Assault         Tloc           20%        N/A       71%         5
 Storm Form               Tmut/Air       8%         N/A       100%        7
 Chain Lightning          Conj/Air       16%        3d21      100%        9


Dungeon Overview and Level Annotations

Branches:
Dungeon (6/15)             Temple (1/1) D:6           Sewer (visited)

Altars:
Ashenzari
Cheibriados
Fedhas
Kikubaaqudgha
Okawaru
Qazlal
Ru
Vehumet
The Shining One

Shops:
D:4 (([[


Message History

The fire ignites!
Casting: Conjure Flame (dangerous; 2% risk of failure)
Confirm with . or Enter, or press ? or * to list all spells.
The fire begins to smoulder!
The fire ignites!
Casting: Conjure Flame (dangerous; 2% risk of failure)
Confirm with . or Enter, or press ? or * to list all spells.
Aiming: Mephitic Cloud (dangerous; 6% risk of failure)
Press: ? - help, Shift-Dir - straight line, f/p - boulder beetle
Aim: a boulder beetle (lightly wounded, chance to affect: 43%)
The ball explodes into a vile cloud!
The stinking cloud engulfs the boulder beetle but does no damage.
The boulder beetle is lightly wounded.
The boulder beetle is engulfed in noxious fumes.
The boulder beetle appears confused.
Unknown command.
Casting: Mephitic Cloud (dangerous; 6% risk of failure)
Confirm with . or Enter, or press ? or * to list all spells.
A beastly little devil appears in a puff of frigid air.
The boulder beetle is engulfed in noxious fumes.
Unknown command.
Unknown command.
You hit the boulder beetle but do no damage.
The boulder beetle is poisoned.
The boulder beetle is lightly wounded.
The boulder beetle bites you but does no damage.
Your white imp hits the boulder beetle but does no damage.
Unknown command.
You hit the boulder beetle.
The boulder beetle looks as sick as possible!
The boulder beetle is lightly wounded.
The boulder beetle is engulfed in blazing flames.
The boulder beetle wildly waves its antennae.
Unknown command.
You hit the boulder beetle but do no damage.
The boulder beetle is moderately wounded.
The boulder beetle seems less confused.
The boulder beetle bites you!
Your white imp hits the boulder beetle but does no damage.
The boulder beetle bites you!!
You die...

.?.. #B#.##..#
.......... ...
#.#.##..# ###.......
.. #.#.##..#
#........ .
#.#.#°..# #........
#.#.#°#.# #........
#.#..g..# #..#.....
#.###§### #......##
#.###§###
####........
#.#..@B.#
#.......#.##
#.#..5..#
#.##.####.##
#.#.....#
#.##.#...... #..<..#
#.##.#.##.##
#.....#.#.##.#......
#######.#.##.#.....#
#.#.##.#......
#^#.##.#######
#.#.##.# #


You could see a boulder beetle (extremely poisoned, ally target), a gnoll and a
friendly white imp (summoned).

Vanquished Creatures
  Grinder (Sewer)
  A wyvern (D:5)
  2 phantoms (D:5)
  A kobold brigand (Sewer)
  A bullfrog (D:6)
  3 scorpions
  A necrophage (Sewer)
  4 wights
  A howler monkey (D:4)
  A jelly (D:6)
  A hound (D:6)
  4 iguanas
  9 gnolls
  2 adders
  2 river rats (D:4)
  3 shadow imps (Sewer)
  6 ufetubi
  An adder zombie (Sewer)
  2 worms
  6 dart slugs
  6 orcs (D:4)
  11 ball pythons
  9 endoplasms
  4 giant cockroaches
  8 goblins
  8 hobgoblins
  8 jackals
  3 quokkas
  5 bats
  3 frilled lizards
  A giant cockroach zombie (Sewer)
  16 kobolds
  11 rats
145 creatures vanquished.

Notes
Turn   | Place    | Note
-------+----------+-------------------------------------------
     0 | D:1      | pokeman the Deep Elf Hedge Wizard began the quest for the
                  | Orb.
     0 | D:1      | Reached XP level 1. HP: 10/10 MP: 7/7
    69 | D:1      | Found a faded altar of an unknown god.
   386 | D:1      | Reached XP level 2. HP: 16/16 MP: 5/9
   883 | D:1      | Reached skill level 5 in Spellcasting
  1055 | D:1      | Reached XP level 3. HP: 20/20 MP: 6/11
  1059 | D:1      | Learned a level 3 spell: Mephitic Cloud
  1062 | D:1      | Learned a level 2 spell: Call Imp
  1065 | D:1      | Learned a level 2 spell: Blink
  1069 | D:1      | Learned a level 3 spell: Conjure Flame
  1996 | D:2      | You fall into a shaft and drop 1 floor!
  2007 | D:3      | Reached skill level 1 in Armour
  2090 | D:3      | Reached skill level 1 in Fighting
  2513 | D:2      | Reached XP level 4. HP: 22/25 MP: 4/13
  2784 | D:2      | Found a stormy altar of Qazlal.
  3915 | D:4      | Found Tagao's Weapon Shoppe.
  4117 | D:4      | Found a glowing drain.
  4124 | Sewer    | Entered a sewer
  4194 | Sewer    | Reached skill level 6 in Spellcasting
  4198 | Sewer    | Reached XP level 5. HP: 29/29 MP: 5/15
  4519 | Sewer    | Found an ancient bone altar of Kikubaaqudgha.
  4533 | Sewer    | Reached skill level 1 in Fire Magic
  4533 | Sewer    | Reached skill level 1 in Air Magic
  4545 | Sewer    | HP: 1/29 [ufetubus (2)]
  4792 | Sewer    | Reached XP level 6. HP: 27/34 MP: 12/17
  4886 | Sewer    | Reached skill level 7 in Spellcasting
  4886 | Sewer    | Reached skill level 1 in Poison Magic
  4979 | Sewer    | Noticed Grinder
  4981 | Sewer    | Paralysed by Grinder for 4 turns
  5078 | Sewer    | Killed Grinder
  5079 | Sewer    | Reached XP level 7. HP: 39/39 MP: 6/20
  5521 | D:4      | Reached skill level 8 in Spellcasting
  5702 | D:4      | Found Seanypp's Weapon Shop.
  6005 | D:4      | Found Nuonn's Armour Emporium.
  6030 | D:4      | Found Fiapty's Antique Armour Boutique.
  6142 | D:5      | Entered Level 5 of the Dungeon
  6242 | D:5      | Noticed a wyvern
  6257 | D:5      | Killed a wyvern
  6464 | D:5      | Reached XP level 8. HP: 29/45 MP: 11/22
  6579 | D:5      | Reached skill level 9 in Spellcasting
  6742 | D:5      | Identified the ring of the Evening {AC+4 Slay+2}
  7095 | D:6      | Found a staircase to the Ecumenical Temple.
  7101 | Temple   | Entered the Ecumenical Temple
  7161 | Temple   | Became a worshipper of Vehumet
  7207 | D:6      | Reached skill level 5 in Conjurations
  7894 | D:6      | Got Becs's Compilation of the Welkin
  7928 | D:6      | Noticed a boulder beetle
  7942 | D:6      | Reached skill level 10 in Spellcasting
  7967 | D:6      | Slain by a boulder beetle

Illustrated notes

Levels and vault maps discovered:
D:1:      minmay_arrival_solitary_statue, layout_basic,
          shapermc_ecumenical_altar_mp_highgroup
D:2:      layout_loops_cross, basic_altar
D:3:      layout_basic, hangedman_decor_points, grunt_decor_one_mirror,
          grunt_ministairs_9
D:4:      layout_basic, portal_sewer_entry_b, serial_shops,
          nicolae_shop_bloodbath_and_beyond, kennysheep_mini, shop,
          nicolae_stop_n_shop_1
D:5:      dreamdust_elfheim, layout_rooms
D:6:      layout_basic, grunt_dithmenos_smoke_and_mirrors,
          minmay_temple_entry_enclosed_plants
Temple:   nicolae_temple_slightly_damp_pantheon

Skill      XL: |  1  2  3  4  5  6  7  8 |
---------------+-------------------------+-----
Spellcasting   | 5 6 7 8 10 | 10.0
Armour         | 1 |  1.5
Fighting       | 1 2 3 |  3.0
Conjurations   | 2 3 4 5 |  5.3
Stealth        | 3 |  3.0
Dodging        | 3 |  3.0
Fire Magic     | 1 2 3 4 |  4.2
Air Magic      | 1 |  1.1
Poison Magic   | 1 |  1.1
Summonings     | |  1.1
Translocations | |  1.1

Action                   |  1- 3 |  4- 6 |  7- 9 || total
-------------------------+-------+-------+-------++-------
Melee: Dagger            |    19 |    28 |    17 ||    64
       Hand axe          |       |       |    46 ||    46
 Cast: Magic Dart        |   130 |   134 |    85 ||   349
       Mephitic Cloud    |     1 |     3 |    15 ||    19
       Conjure Flame     |       |     2 |     9 ||    11
       Call Imp          |       |     1 |     4 ||     5
       Blink             |       |       |     1 ||     1
 Stab: Confused          |       |     2 |     4 ||     6
       Sleeping          |       |     1 |       ||     1
Armor: Robe              |     9 |     2 |       ||    11
       Leather armour    |       |    18 |    12 ||    30
Dodge: Dodged            |    18 |    38 |    46 ||   102

Table legend: (Time is in decaauts)
 A = Elapsed time spent in this place.
 B = Non-inter-level travel time spent in this place.
 C = Inter-level travel time spent in this place.
 D = Time resting spent in this place.
 E = Time spent auto-exploring this place.
 F = Levels seen in this place.
 G = Mean time per level.
                   A        B        C        D        E       F      G
               +--------+--------+--------+--------+--------+-----+--------+
         Total |   7979 |   7718 |    261 |    552 |   5898 |   8 |  997.4 |
       Dungeon |   6817 |   6574 |    243 |    299 |   5248 |   6 | 1136.2 |
        Temple |     79 |     61 |     18 |      0 |     49 |   1 |   79.0 |
         Sewer |   1082 |   1082 |      0 |    253 |    601 |   1 | 1082.0 |
               +--------+--------+--------+--------+--------+-----+--------+

Top non-repeatable levels by time:
     D:1: 1713 daAuts
     D:4: 1319 daAuts
     D:2: 1119 daAuts
   Sewer: 1082 daAuts
     D:3: 1076 daAuts
     D:6: 867 daAuts
     D:5: 720 daAuts
  Temple: 79 daAuts
